 Dungeon Crawl Stone Soup version 0.30.1-11-g7821555f0a (webtiles) character file.

Game seed: 7392278652010781478

105 Glitchless the Magician (level 5, -9/35 HPs)
             Began as a Djinni Fire Elementalist on Dec 8, 2023.
             Killed by divine providence
             ... invoked by an orc priest
              (11 damage)
             ... on level 3 of the Dungeon.
             The game lasted 00:10:38 (2313 turns).

Glitchless the Magician (Djinni Fire Elementalist)  Turns: 2313, Time: 00:10:39

Health: -9/35      AC:  3    Str:  7    XL:     5   Next: 8%
Gold:   108        EV: 13    Int: 18    God:
                   SH:  0    Dex: 14

rFire   + + +        g - +0 dagger
rCold   x . .        (no shield)
rNeg    . . .        a - +0 robe
rPois   ∞            (no helmet)
rElec   .            i - +0 cloak
rCorr   .            (no gloves)
SInv    .            (boots unavailable)
Will    .....        (no amulet)
Stlth   ++           k - ring of protection from fire
HPRegen 0.25/turn    (no ring)
MPRegen 0.00/turn

%: infuse magic (-10 HP)
@: flying
A: sickness immunity, fire resistance 2, cold vulnerability 1, float, innate
caster, HP casting, extra vitality 1
a: no special abilities


You were on level 3 of the Dungeon.
You visited 1 branch of the dungeon, and saw 3 of its levels.

You collected 108 gold pieces.

Inventory:

Hand Weapons
 c - a +0 whip
 g - a +0 dagger (weapon)
 m - a +0 antimagic mace
Missiles
 o - a throwing net
Armour
 a - a +0 robe (worn)
 i - a +0 cloak (worn)
Jewellery
 k - a ring of protection from fire (left hand)
Scrolls
 b - a scroll of amnesia {unknown}
 d - 2 scrolls of identify {unknown}
 f - 2 scrolls of vulnerability {unknown}
 j - a scroll of fog {unknown}
Potions
 e - a potion of lignification {unknown}
 h - a potion of cancellation {unknown}
 l - a potion of flight {unknown}
 n - a potion of curing {unknown}


   Skills:
 + Level 0.2 Fighting
 + Level 0.1 Short Blades
 * Level 2.9 Dodging
 + Level 1.9 Stealth
 * Level 3.7 Spellcasting


You knew the following spells:

 Your Spells              Type           Power      Damage    Failure   Level
a - Foxfire               Conj/Fire      68%        2x1d7     3%          1
b - Scorch                Fire           34%        2d6       4%          2
c - Volatile Blastmotes   Fire/Tloc      34%        2d12      10%         3
d - Inner Flame           Hex/Fire       17%        N/A       10%         3
e - Flame Wave            Conj/Fire      17%        2d7       32%         4
f - Slow                  Hex            68%        N/A       3%          1
g - Call Imp              Summ           34%        N/A       4%          2
Your spell library was empty.

Dungeon Overview and Level Annotations

Branches:
Dungeon (3/15)

Altars:

Portals:
Sewer: D:3


Innate Abilities, Weirdness & Mutations

You are immune to sickness and miasma.
You are immune to poison.
Your flesh is very heat resistant. (rF++)
You are vulnerable to cold. (rC-)
You float through the air rather than walking.
You learn spells naturally, not from books.
Your magical power is your life essence.
You have superior vitality. (+4 MHP)


Message History

The adder attacks as you move away! The adder barely misses you.
The adder bites you. The adder attacks as you move away!
The adder barely misses you.
Casting: Scorch (safe; 4% risk of failure)
Confirm with . or Enter, or press ? or * to list all spells.
Flames lash the orc.
You kill the orc!
* * * LOW HITPOINT WARNING * * *
The adder closely misses you. The adder bites you but does no damage.
Casting: Scorch (safe; 4% risk of failure)
Confirm with . or Enter, or press ? or * to list all spells.
Flames lash something.
* * * LOW HITPOINT WARNING * * *
The adder bites you but does no damage. The adder bites you.
* * * LOW HITPOINT WARNING * * *
The orc priest calls upon Beogh to heal something.
The adder bites you but does no damage. The adder attacks as you move away!
The adder closely misses you. The adder bites you but does no damage.
The adder bites you.
* * * LOW HITPOINT WARNING * * *
The adder attacks as you move away! The adder bites you but does no damage.
The adder attacks as you move away! The adder bites you.
* * * LOW HITPOINT WARNING * * *
You hear the rusting of a drain nearby.
The adder attacks as you move away! The adder bites you but does no damage.
The adder misses you. The adder attacks as you move away! The adder bites you.
* * * LOW HITPOINT WARNING * * *
The adder barely misses you. The adder attacks as you move away!
The adder misses you. The adder attacks as you move away!
The adder barely misses you.
An orc wizard appears from thin air!
Reactivating autopickup.
The adder bites you.
* * * LOW HITPOINT WARNING * * *
The orc priest invokes the aid of Beogh against you.
Beogh smites you!
You die...

#.......#
#.......#
#....<..#
#.......# .#
#.......# #.#
#.......# #.#
#.#####.###### #.#
#...........# #.#
#.####@#####.# #.#
#S#####.####.#
#.##.........#####
#.###
#.##.##.###...(...
......##o##.##.#
#†......
###..........#
#.......
#.......o.######
#.......
..#######J##
#....... #...#
#.......


You could see an orc priest, an orc wizard, an adder and an endoplasm.

Vanquished Creatures
  Terence (D:2)
  3 adders
  2 worms
  A dart slug (D:1)
  An orc (D:3)
  2 ball pythons
  4 bats
  3 endoplasms (D:2)
  A giant cockroach (D:2)
  6 hobgoblins
  5 quokkas
  3 frilled lizards
  4 goblins
  3 kobolds
  3 rats
42 creatures vanquished.

Vanquished Creatures (others)
  97 foxfires
97 creatures vanquished.

Grand Total: 139 creatures vanquished

Notes
Turn   | Place    | Note
-------+----------+-------------------------------------------
     0 | D:1      | Glitchless the Djinni Fire Elementalist began the quest for
                  | the Orb.
     0 | D:1      | Glitchless set off with the following spells memorised:
                  | Foxfire, Scorch, Volatile Blastmotes, Inner Flame, Flame
                  | Wave.
     0 | D:1      | Reached XP level 1. HP: 15/15 MP: 0/0
   194 | D:1      | Reached XP level 2. HP: 17/21 MP: 0/0
  1386 | D:2      | Reached XP level 3. HP: 21/25 MP: 0/0
  1386 | D:2      | Learned a level 1 spell: Slow
  1426 | D:2      | Reached skill level 3 in Spellcasting
  1778 | D:2      | Reached XP level 4. HP: 28/31 MP: 0/0
  1791 | D:2      | Noticed Terence
  1797 | D:2      | Killed Terence
  2191 | D:3      | Reached XP level 5. HP: 29/35 MP: 0/0
  2191 | D:3      | Learned a level 2 spell: Call Imp
  2256 | D:3      | Found a glowing drain.
  2313 | D:3      | Killed from afar by an orc priest

Illustrated notes

Levels and vault maps discovered:
D:1:      reono_arrival_forest_river, layout_basic, serial_co_window_serial,
          co_window_paths_b, co_window_paths_a, co_window_paths_a,
          co_window_paths_a, co_window_paths_a, co_window_paths_a,
          co_window_of_opportunity_a, co_window_corner_cb, co_window_broadway_a,
          co_window_unsneaky_path_b, co_window_unsneaky_path_c,
          co_window_corner_b, co_window_corner_b, co_window_4corner_b,
          glass_columns_a, glass_columns_b
D:2:      layout_loops_cross, uniq_terence
D:3:      layout_loops_cross, portal_sewer_entry_c

Skill      XL: |  1  2  3 |
---------------+----------+-----
Spellcasting   | 3 |  3.7
Fighting       | |  0.2
Short Blades   | |  0.1
Dodging        | |  2.9
Stealth        | |  1.9

Action                     |  1- 3 |  4- 6 || total
---------------------------+-------+-------++-------
  Melee: Whip              |     2 |       ||     2
         Unarmed           |     2 |       ||     2
         Dagger            |     6 |    28 ||    34
   Cast: Foxfire           |    51 |    20 ||    71
         Scorch            |     6 |     6 ||    12
   Stab: Sleeping          |     1 |     2 ||     3
 Armour: Robe              |     4 |    17 ||    21
  Dodge: Dodged            |    32 |    48 ||    80
